[Event "Titled Tuesday Blitz April 05 Early 2022"]
[White "Manolache, Marius"]
[Black "Iljin, Timofey"]
[WhiteFideId "1201530"]
[BlackFideId "14110180"]
[WhiteElo "2364"]
[BlackElo "2396"]
[Result "1-0"]
[Round "03"]
[TimeControl "180+1"]
[Date "2022.04.05"]
[WhiteClock "0:01:17"]
[BlackClock "0:00:11"]

1. d4 f5 2. Nc3 Nf6 3. Bg5 d5 4. Bxf6 exf6 5. e3 Be6 6. Bb5+ Nc6 7. Nge2 Qd7 8. Nf4 Bf7 9. h3 a6 10. Bxc6 bxc6 11. g4 Rb8 12. Rb1 Bb4 13. Kd2 O-O 14. gxf5 Qxf5 15. Qg4 Bxc3+ 16. Kxc3 Qe4 17. Nd3 Qe7 18. Nc5 Bg6 19. Rhg1 Rb5 20. b4 f5 21. Qf4 Rfb8 22. a3 a5 23. h4 axb4+ 24. axb4 Ra8 25. Rb3 Ra2 26. Rg5 Qf7 27. Nd3 h6 28. Rg1 Bh5 29. Qxh6 g6 30. Qxh5 Qg7 1-0


[Site "https://www.chess.com"]

[Event "Titled Tuesday Blitz April 05 Early 2022"]
[White "Manukian, Artak"]
[Black "Maevsky, Nikolay"]
[WhiteFideId "13301373"]
[BlackFideId "4198220"]
[WhiteElo "2365"]
[BlackElo "2126"]
[Result "0-1"]
[Round "03"]
[TimeControl "180+1"]
[Date "2022.04.05"]
[WhiteClock "0:02:09"]
[BlackClock "0:02:07"]

1. e4 c6 2. d4 d5 3. e5 Bf5 4. c4 e6 5. Nc3 Nd7 6. Nf3 Ne7 7. Nh4 dxc4 8. Bxc4 Bg6 9. Bg5 Qc7 10. O-O Nb6 11. Bb3 Ned5 12. Nxg6 hxg6 13. Ne4 Nc8 14. Rc1 Be7 15. Bxe7 Qxe7 16. g3 O-O 17. h4 Rd8 18. Qd2 Ncb6 19. Nd6 Rxd6 20. exd6 Qxd6 21. a3 Rd8 22. Rfd1 Nf6 23. Qf4 Qxf4 24. gxf4 Nh5 25. f5 gxf5 26. Ba2 Nf4 27. Kf1 g6 28. b4 Kg7 29. d5 exd5 30. Rd4 Ne6 31. Rd3 Rh8 32. Rh3 Nf4 33. Rh2 g5 34. b5 cxb5 35. Rc7 Nc4 36. Bxc4 bxc4 37. Rxb7 c3 38. Rc7 d4 39. Ke1 Rxh4 40. Rxh4 gxh4 41. Rd7 d3 42. Rd4 c2 43. Kd2 Ne2 44. Kxd3 Nxd4 0-1


[Site "https://www.chess.com"]

[Event "Titled Tuesday Blitz April 05 Early 2022"]
[White "Martin Duque, Jesus"]
[Black "Sanchez, Robert"]
[WhiteFideId "2208954"]
[BlackFideId "2034360"]
[WhiteElo "2243"]
[BlackElo "2283"]
[Result "1-0"]
[Round "03"]
[TimeControl "180+1"]
[Date "2022.04.05"]
[WhiteClock "0:01:32"]
[BlackClock "0:01:29"]

1. Nf3 d5 2. e3 c5 3. Bb5+ Nc6 4. O-O Bd7 5. c4 e6 6. cxd5 exd5 7. d4 c4 8. b3 cxb3 9. Qxb3 Nf6 10. Nc3 a6 11. Bd3 Na5 12. Qb1 Rc8 13. Bd2 Bd6 14. Ne5 Be6 15. f4 b5 16. Nxb5 axb5 17. Qxb5+ Nc6 18. Nxc6 Bd7 19. Nxd8 Bxb5 20. Bxb5+ Kxd8 1-0


[Site "https://www.chess.com"]

[Event "Titled Tuesday Blitz April 05 Early 2022"]
[White "Martinez Alcantara, Jose Eduardo"]
[Black "Pap, Gyula"]
[WhiteFideId "3805662"]
[BlackFideId "725323"]
[WhiteElo "2690"]
[BlackElo "2553"]
[Result "*"]
[Round "03"]
[TimeControl "180+1"]
[Date "2022.04.05"]
[WhiteClock "0:02:05"]
[BlackClock "0:00:44"]

1. e4 c6 2. d4 d5 3. e5 Bf5 4. h4 h5 5. Bd3 Bxd3 6. Qxd3 Qa5+ 7. b4 Qa6 8. e6 Qxd3 9. cxd3 fxe6 10. Nd2 e5 11. dxe5 e6 12. Rb1 Nh6 13. Ndf3 Nf5 14. Nh3 Na6 15. Bd2 Nc7 16. a4 Kd7 17. O-O Be7 18. g3 a6 19. Nf4 Rag8 20. Ng6 Rh7 21. Kg2 Bd8 22. Rh1 Ne7 23. Nf4 Nf5 24. Nh3 g6 25. Nfg1 Nd4 *


[Site "https://www.chess.com"]

[Event "Titled Tuesday Blitz April 05 Early 2022"]
[White "Matlakov, Maxim"]
[Black "Kozak, Antoni"]
[WhiteFideId "4168003"]
[BlackFideId "21832030"]
[WhiteElo "2669"]
[BlackElo "2236"]
[Result "*"]
[Round "03"]
[TimeControl "180+1"]
[Date "2022.04.05"]
[WhiteClock "0:01:30"]
[BlackClock "0:01:14"]

1. d4 d5 2. c4 e6 3. Nf3 Nf6 4. Nc3 c6 5. e3 Nbd7 6. Be2 dxc4 7. a4 Bb4 8. O-O O-O 9. Bxc4 Qe7 10. Qe2 e5 11. Qc2 h6 12. Nh4 Qd8 13. Rd1 exd4 14. exd4 Nb6 15. Ba2 Nbd5 16. h3 Be6 17. Nf3 Re8 18. Ne5 Bd6 19. Bb1 Ne7 *


[Site "https://www.chess.com"]

[Event "Titled Tuesday Blitz April 05 Early 2022"]
[White "Maximov, Dmitry"]
[Black "Vokhidov, Shamsiddin"]
[WhiteFideId "14105659"]
[BlackFideId "14204223"]
[WhiteElo "2494"]
[BlackElo "2611"]
[Result "*"]
[Round "03"]
[TimeControl "180+1"]
[Date "2022.04.05"]
[WhiteClock "0:01:18"]
[BlackClock "0:01:26"]

1. e4 c5 2. Nf3 d6 3. c3 Nf6 4. Bc4 Nxe4 5. Qa4+ Nc6 6. Bxf7+ Kxf7 7. Qxe4 e5 8. d4 Be7 9. dxe5 dxe5 10. O-O Qd6 11. Na3 Be6 12. Bg5 Qd5 13. Rfe1 Qxe4 14. Rxe4 Bf6 15. Nb5 Bd5 16. Re3 Rad8 17. Nc7 Bxf3 18. Rxf3 a6 19. Bxf6 gxf6 20. c4 Nd4 21. Rh3 Ne2+ 22. Kf1 Rd2 *


[Site "https://www.chess.com"]

[Event "Titled Tuesday Blitz April 05 Early 2022"]
[White "Mekhitarian, Krikor Sevag"]
[Black "Ianov, Viktor"]
[WhiteFideId "2107660"]
[BlackFideId "14102730"]
[WhiteElo "2598"]
[BlackElo "2161"]
[Result "1-0"]
[Round "03"]
[TimeControl "180+1"]
[Date "2022.04.05"]
[WhiteClock "0:00:05"]
[BlackClock "0:01:26"]

1. Nf3 d6 2. d4 g6 3. c4 Bg7 4. Nc3 Bg4 5. g3 Bxf3 6. exf3 e6 7. d5 e5 8. Bg2 Ne7 9. O-O O-O 10. f4 Nd7 11. Re1 Nf5 12. Bd2 Re8 13. fxe5 Nxe5 14. b3 a6 15. Be4 Qd7 16. Rc1 h5 17. Bf4 Ng4 18. h3 Nf6 19. Bg2 Rxe1+ 20. Qxe1 Re8 21. Qd2 b5 22. cxb5 axb5 23. Re1 b4 24. Na4 Rxe1+ 25. Qxe1 Qb5 26. Qd1 Ne7 27. Bf1 Qxd5 28. Qxd5 Nfxd5 29. Bd2 c5 30. Bc4 Nc3 31. Bxc3 bxc3 32. Bd3 Nc6 33. a3 Bd4 34. Kf1 Ne5 35. Bc2 f5 36. Ke2 Kf7 37. Nb6 Ke6 38. Nc4 d5 39. Nxe5 Kxe5 40. Kf3 g5 41. Ke2 g4 42. hxg4 h4 43. gxh4 fxg4 44. h5 Kf4 45. h6 c4 46. bxc4 dxc4 47. h7 Kg5 48. a4 Kh6 49. a5 Kg7 50. a6 Bc5 51. Kf1 Bd4 52. Kg2 Bc5 53. Kg3 Bb6 54. Kxg4 Bxf2 55. Kf3 Bd4 56. Kf4 Ba7 57. Bf5 Bb6 58. Kf3 Ba7 59. Ke2 Bd4 60. Kd1 Kh6 61. a7 Kg5 62. a8=Q Kxf5 63. Qd5+ Be5 64. h8=Q Kf4 65. Qhxe5+ 1-0


[Site "https://www.chess.com"]

[Event "Titled Tuesday Blitz April 05 Early 2022"]
[White "Melikhov, Evgeny V."]
[Black "Yang, Kaiqi"]
[WhiteFideId "4122046"]
[BlackFideId "8604398"]
[WhiteElo "1931"]
[BlackElo "2373"]
[Result "0-1"]
[Round "03"]
[TimeControl "180+1"]
[Date "2022.04.05"]
[WhiteClock "0:00:15"]
[BlackClock "0:01:10"]

1. d4 e6 2. c4 f5 3. g3 Nf6 4. Bg2 d5 5. Nf3 c6 6. O-O Bd6 7. Bf4 Bxf4 8. gxf4 O-O 9. Nbd2 Nbd7 10. Qc2 Ne4 11. Nb3 Qe7 12. Nc1 Kh8 13. Nd3 Rg8 14. Nfe5 g5 15. f3 Nd6 16. c5 Nf7 17. e4 Ndxe5 18. fxe5 f4 19. Nf2 h5 20. Kh1 Nh6 21. Rg1 Bd7 22. Bf1 Rg7 23. Be2 Rag8 24. Rg2 g4 25. Rag1 g3 26. Nd3 gxh2 27. Rxg7 hxg1=Q+ 28. Rxg1 Qh4# 0-1


[Site "https://www.chess.com"]

[Event "Titled Tuesday Blitz April 05 Early 2022"]
[White "Mickiewicz, Piotr"]
[Black "Gabdrakhmanov, Azat"]
[WhiteFideId "1114891"]
[BlackFideId "34189197"]
[WhiteElo "2266"]
[BlackElo "2279"]
[Result "0-1"]
[Round "03"]
[TimeControl "180+1"]
[Date "2022.04.05"]
[WhiteClock "0:00:01"]
[BlackClock "0:00:10"]

1. Nf3 c5 2. g3 b6 3. Bg2 Bb7 4. O-O Nf6 5. d3 e6 6. e4 d5 7. Nc3 d4 8. Ne2 Nc6 9. a4 Be7 10. Nd2 Nd7 11. Nc4 Nce5 12. b3 Nxc4 13. bxc4 h5 14. h4 Qc7 15. a5 Bc6 16. Bd2 b5 17. cxb5 Bxb5 18. Nf4 g5 19. hxg5 h4 20. g6 Ne5 21. g7 Rg8 22. Qh5 O-O-O 23. Qh7 Bf6 24. Nh5 Bxg7 25. Nxg7 Rh8 26. Nxe6 Qd6 27. Qf5 fxe6 28. Qg5 Rdg8 29. Qf6 Nd7 30. e5 Qxe5 31. Qf3 hxg3 32. Bf4 Qd5 33. Bxg3 Qxf3 34. Bxf3 Ne5 35. Be4 Ng4 36. Kg2 Kd7 37. Rh1 Bc6 38. Bf3 Nf6 39. Rxh8 Rxh8 40. Bxc6+ Kxc6 41. Re1 Kd7 42. Re5 Nd5 43. Rg5 Rf8 44. Rg7+ Kc6 45. Rxa7 Nf4+ 46. Kf1 Nd5 47. Ra6+ Kb5 48. Rxe6 Kxa5 49. Re5 Rd8 50. Bh4 Rd7 51. Ke2 Kb5 52. Kd2 Nb4 53. Bg3 Ra7 54. Re8 Ra2 55. Rb8+ Kc6 56. Rc8+ Kb6 57. Bd6 Rxc2+ 58. Kd1 Rc3 59. f4 Rxd3+ 60. Ke2 Re3+ 61. Kf2 Na6 62. f5 Rh3 63. f6 Rh6 64. Be7 Rh7 65. Kf3 Nc7 66. Ke4 Kc6 67. Ke5 Kd7 68. Rd8+ Kc6 69. Kf5 Rh5+ 70. Kg6 Rh1 71. f7 Rg1+ 72. Bg5 Rf1 73. f8=Q Rxf8 74. Rxf8 Ne6 75. Rf6 Kd5 76. Kf5 Nxg5 77. Kxg5 Ke4 78. Kg4 c4 79. Re6+ Kd3 80. Kf3 c3 81. Rc6 c2 0-1


[Site "https://www.chess.com"]

[Event "Titled Tuesday Blitz April 05 Early 2022"]
[White "Mika, Tomasz"]
[Black "Przybylski, Wojciech"]
[WhiteFideId "1132970"]
[BlackFideId "1117599"]
[WhiteElo "2116"]
[BlackElo "2133"]
[Result "0-1"]
[Round "03"]
[TimeControl "180+1"]
[Date "2022.04.05"]
[WhiteClock "0:00:05"]
[BlackClock "0:01:06"]

1. d4 Nf6 2. Nf3 e6 3. g3 Be7 4. Bg2 O-O 5. O-O d6 6. c4 Nbd7 7. b3 a5 8. Bb2 a4 9. b4 Re8 10. a3 Ne4 11. Qc2 f5 12. Nbd2 Ndf6 13. Nxe4 Nxe4 14. Nd2 d5 15. Nf3 c6 16. Ne5 Bf6 17. f3 Nd6 18. c5 Nb5 19. e3 Rf8 20. Rf2 Bd7 21. Bf1 Be8 22. Rc1 Qe7 23. Bd3 Nc7 24. e4 dxe4 25. fxe4 Bg5 26. Rcf1 Be3 27. exf5 exf5 28. Bxf5 g6 29. Be4 Rxf2 30. Rxf2 Bd7 31. Kg2 Bxf2 32. Qxf2 Rf8 33. Qe2 Nd5 34. Bc2 Qf6 35. Bxa4 Ne3+ 36. Qxe3 Qf1# 0-1


[Site "https://www.chess.com"]

[Event "Titled Tuesday Blitz April 05 Early 2022"]
[White "Mikhailovsky, Vladimir"]
[Black "Paravyan, David"]
[WhiteFideId "34105414"]
[BlackFideId "4194985"]
[WhiteElo "2349"]
[BlackElo "2569"]
[Result "*"]
[Round "03"]
[TimeControl "180+1"]
[Date "2022.04.05"]
[WhiteClock "0:01:21"]
[BlackClock "0:01:34"]

1. c4 Nf6 2. Nc3 c5 3. Nf3 d5 4. cxd5 Nxd5 5. e3 e6 6. d4 cxd4 7. exd4 Nxc3 8. bxc3 Qc7 9. Bd2 Nd7 10. Bd3 b6 11. O-O Bb7 12. Qe2 Bd6 13. h3 O-O 14. c4 Bf4 15. Bxf4 Qxf4 16. Qe3 Qxe3 17. fxe3 Rac8 18. Rac1 Rfd8 19. Ng5 Nf6 20. Rc2 h6 21. Nf3 Bxf3 22. gxf3 e5 23. Bf5 *


[Site "https://www.chess.com"]

[Event "Titled Tuesday Blitz April 05 Early 2022"]
[White "Miszler, Levente"]
[Black "Dovbnia, Nikita"]
[WhiteFideId "763276"]
[BlackFideId "54104599"]
[WhiteElo "1966"]
[BlackElo "2111"]
[Result "0-1"]
[Round "03"]
[TimeControl "180+1"]
[Date "2022.04.05"]
[WhiteClock "0:02:37"]
[BlackClock "0:02:28"]

1. Nf3 Nf6 2. g3 g6 3. Bg2 Bg7 4. O-O O-O 5. c4 c5 6. Nc3 Nc6 7. d3 d6 8. a3 Bd7 9. Rb1 Qc8 10. Re1 Bh3 11. Bh1 Nd7 12. Qc2 Nde5 13. b4 Nxf3+ 14. Bxf3 Nd4 15. Bh1 Nxc2 16. bxc5 Nxe1 17. Bxb7 0-1


[Site "https://www.chess.com"]

[Event "Titled Tuesday Blitz April 05 Early 2022"]
[White "Mogirzan, Matei-Valeriu"]
[Black "Adewumi, Tanitoluwa"]
[WhiteFideId "1257455"]
[BlackFideId "30966396"]
[WhiteElo "1733"]
[BlackElo "2595"]
[Result "1/2-1/2"]
[Round "03"]
[TimeControl "180+1"]
[Date "2022.04.05"]
[WhiteClock "0:01:35"]
[BlackClock "0:01:18"]

1. e4 c5 2. Nf3 g6 3. d4 cxd4 4. c3 Bg7 5. cxd4 d5 6. exd5 Nf6 7. Nc3 Nxd5 8. Bc4 Nxc3 9. bxc3 O-O 10. h4 Re8 11. Ng5 e6 12. h5 h6 13. Nxf7 Kxf7 14. hxg6+ Kg8 15. Bxh6 Bxh6 16. Rxh6 Qg5 17. Qf3 1/2-1/2


[Site "https://www.chess.com"]

[Event "Titled Tuesday Blitz April 05 Early 2022"]
[White "Mohammadian, Mohammad"]
[Black "Alboredo, Julia"]
[WhiteFideId "12566055"]
[BlackFideId "2124807"]
[WhiteElo "1544"]
[BlackElo "2041"]
[Result "0-1"]
[Round "03"]
[TimeControl "180+1"]
[Date "2022.04.05"]
[WhiteClock "0:00:06"]
[BlackClock "0:00:35"]

1. e4 c5 2. Nf3 d6 3. d4 cxd4 4. Nxd4 Nf6 5. Nc3 g6 6. Be2 Bg7 7. Be3 Nc6 8. Qd2 O-O 9. O-O-O Bd7 10. f3 Rc8 11. Nxc6 Bxc6 12. Bh6 Qa5 13. Bxg7 Kxg7 14. h4 b5 15. a3 b4 16. axb4 Qxb4 17. h5 Rb8 18. b3 Qa3+ 19. Kb1 a5 20. hxg6 fxg6 21. Qh6+ Kf7 22. Nd5 Rxb3+ 23. cxb3 Qxb3+ 24. Kc1 Bxd5 25. Rd3 Rc8+ 26. Kd2 Qb4+ 27. Ke3 Bc4 28. Rhd1 Bxd3 29. Bxd3 Rc3 30. Qf4 Qc5+ 31. Kd2 Ra3 32. e5 Ra2+ 0-1


[Site "https://www.chess.com"]

[Event "Titled Tuesday Blitz April 05 Early 2022"]
[White "Mokshanov, Alexey"]
[Black "Demin, Vladimir"]
[WhiteFideId "24121657"]
[BlackFideId "4167457"]
[WhiteElo "2141"]
[BlackElo "2475"]
[Result "1-0"]
[Round "03"]
[TimeControl "180+1"]
[Date "2022.04.05"]
[WhiteClock "0:01:28"]
[BlackClock "0:00:06"]

1. e4 c5 2. Nf3 Nc6 3. Bb5 d6 4. Bxc6+ bxc6 5. O-O e5 6. c3 Nf6 7. Re1 Bg4 8. d4 cxd4 9. cxd4 Be7 10. dxe5 Bxf3 11. Qxf3 dxe5 12. Nd2 O-O 13. Nc4 Qc7 14. b3 Nd7 15. Bb2 f6 16. Rac1 Nb6 17. Na5 c5 18. Ba3 Rad8 19. Qc3 Rc8 20. Red1 Rfd8 21. Rxd8+ Rxd8 22. g3 Nd7 23. b4 Rc8 24. b5 Nb6 25. Nc6 Na4 26. Qc4+ Kh8 27. Qxa4 a6 28. Nxe7 Qxe7 29. bxa6 1-0


[Site "https://www.chess.com"]

[Event "Titled Tuesday Blitz April 05 Early 2022"]
[White "Molina, Roberto Junio Brito"]
[Black "Aaditya Dhingra"]
[WhiteFideId "2109450"]
[BlackFideId "25678191"]
[WhiteElo "2432"]
[BlackElo "1849"]
[Result "0-1"]
[Round "03"]
[TimeControl "180+1"]
[Date "2022.04.05"]
[WhiteClock "0:00:35"]
[BlackClock "0:00:18"]

1. d4 Nf6 2. e3 d5 3. Nf3 e6 4. Bd3 c5 5. c3 Nc6 6. Nbd2 Qc7 7. O-O Bd6 8. dxc5 Bxc5 9. e4 O-O 10. Qe2 dxe4 11. Nxe4 Be7 12. Bg5 Nd5 13. g3 e5 14. Bc4 Be6 15. Bxe7 Ncxe7 16. Bb3 h6 17. Ned2 Ng6 18. Rfe1 f6 19. Rad1 Bf7 20. Nc4 Rad8 21. Ne3 Nge7 22. Nh4 Nxe3 23. Bxf7+ Kxf7 24. Qxe3 Rxd1 25. Rxd1 Rd8 26. Rxd8 Qxd8 27. Qxa7 Qd1+ 28. Kg2 Qd5+ 29. f3 g5 30. Qa4 gxh4 31. Qxh4 Qd2+ 32. Kh3 Nf5 33. Qh5+ Ke6 34. Qe8+ Ne7 35. Qb5 Qd5 36. Qb6+ Kf7 37. Kg2 e4 38. fxe4 Qxe4+ 39. Kh3 Nf5 40. Qc7+ Kg6 41. Qd8 h5 42. Qg8+ Ng7 43. Qc8 Qe6+ 44. Qxe6 Nxe6 45. g4 hxg4+ 46. Kxg4 f5+ 47. Kg3 Kg5 48. h4+ Kh5 49. b4 f4+ 50. Kh3 b5 51. a3 Nc7 52. Kg2 Kxh4 53. Kf3 Kg5 54. Ke4 Kg4 55. c4 bxc4 56. a4 c3 57. Kd3 f3 58. b5 f2 0-1


[Site "https://www.chess.com"]

[Event "Titled Tuesday Blitz April 05 Early 2022"]
[White "Narayanan, Srinath"]
[Black "Mortazavi, Ali"]
[WhiteFideId "5018420"]
[BlackFideId "401323"]
[WhiteElo "2472"]
[BlackElo "2339"]
[Result "1-0"]
[Round "03"]
[TimeControl "180+1"]
[Date "2022.04.05"]
[WhiteClock "0:00:06"]
[BlackClock "0:00:09"]

1. d4 Nf6 2. Nf3 g6 3. g3 Bg7 4. c4 O-O 5. Bg2 d6 6. Nc3 Nbd7 7. O-O e5 8. e4 c6 9. h3 Qa5 10. Re1 exd4 11. Nxd4 Ne5 12. Bf1 Qb6 13. Nc2 Be6 14. b3 Nh5 15. Be3 Qa5 16. Bd2 Qb6 17. Na4 Qc7 18. Rb1 b5 19. cxb5 cxb5 20. Bxb5 Bxh3 21. Be2 Bd7 22. Ne3 Bxa4 23. bxa4 Nf6 24. f4 Nxe4 25. fxe5 Bxe5 26. Bf3 Nxd2 27. Qxd2 Rab8 28. Kg2 Rxb1 29. Rxb1 Qd8 30. Nd5 Re8 31. Re1 Kg7 32. Qe3 h5 33. Qxa7 h4 34. Rf1 Qg5 35. g4 h3+ 36. Kh1 Qd2 37. Qf2 Qxf2 38. Rxf2 Rb8 39. Rf1 Rb2 40. Ne3 Rh2+ 41. Kg1 Rxa2 42. Bd5 Bd4 43. Rxf7+ Kh6 44. Bxa2 Bxe3+ 45. Kh2 Kg5 46. Kxh3 d5 47. Bxd5 Bf4 48. Kg2 Be3 49. Kf3 Bc5 50. a5 Ba7 51. Rxa7 1-0


[Site "https://www.chess.com"]

[Event "Titled Tuesday Blitz April 05 Early 2022"]
[White "Noboa Silva, Kevin"]
[Black "Hoffmann, Asa"]
[WhiteFideId "3618471"]
[BlackFideId "2001470"]
[WhiteElo "2172"]
[BlackElo "2117"]
[Result "1-0"]
[Round "03"]
[TimeControl "180+1"]
[Date "2022.04.05"]
[WhiteClock "0:00:04"]
[BlackClock "0:00:02"]

1. e4 d6 2. d4 Nf6 3. Nc3 c6 4. h3 Nbd7 5. a4 e5 6. Be3 Be7 7. Nge2 a5 8. g4 O-O 9. Bg2 Qc7 10. O-O b6 11. Ng3 g6 12. f4 Ba6 13. Rf2 Ne8 14. dxe5 dxe5 15. f5 Bc5 16. Qf3 f6 17. Bxc5 Nxc5 18. fxg6 hxg6 19. g5 Rd8 20. Bf1 Bxf1 21. Raxf1 Qg7 22. Qg4 Rd7 23. h4 Rdf7 24. gxf6 Rxf6 25. Rxf6 Rxf6 26. Qc8 Rxf1+ 27. Nxf1 Qd7 28. Qb8 Qg4+ 29. Kf2 Qxh4+ 30. Ng3 Qe7 31. Qxb6 Qf6+ 32. Kg2 Nd7 33. Qxa5 Qd6 34. Qa8 Kf7 35. Nce2 Nef6 36. Qb7 Qc5 37. Qb3+ Kg7 38. Qd3 Qb4 39. b3 Nc5 40. Qc3 Qxc3 41. Nxc3 Kf7 42. Kf3 Ke6 43. b4 Nb7 44. a5 Nd7 45. a6 Nd6 46. Na4 Nc8 47. c4 Kd6 48. Ke3 Kc7 49. b5 Ndb6 50. Nb2 cxb5 51. cxb5 Na7 52. Kf3 Nxb5 53. Kg4 Nd6 54. Kg5 Kb8 55. Nd3 1-0


[Site "https://www.chess.com"]

[Event "Titled Tuesday Blitz April 05 Early 2022"]
[White "Nogerbek, Kazybek"]
[Black "Chen, Qi b"]
[WhiteFideId "13710427"]
[BlackFideId "8614733"]
[WhiteElo "2466"]
[BlackElo "2432"]
[Result "*"]
[Round "03"]
[TimeControl "180+1"]
[Date "2022.04.05"]
[WhiteClock "0:01:40"]
[BlackClock "0:01:01"]

1. e4 c5 2. Nf3 Nc6 3. Nc3 g6 4. d4 cxd4 5. Nxd4 Bg7 6. Be3 Nf6 7. Bc4 O-O 8. Bb3 d5 9. exd5 Na5 10. Nde2 b6 11. O-O Bb7 12. d6 exd6 13. Bd4 Rc8 14. Qd3 Nc6 15. Rad1 Nxd4 16. Nxd4 a6 17. a4 Re8 18. Nde2 Ne4 19. Nxe4 Bxe4 *


[Site "https://www.chess.com"]

[Event "Titled Tuesday Blitz April 05 Early 2022"]
[White "Noritsyn, Nikolay"]
[Black "Rozhkov, Viacheslav"]
[WhiteFideId "2604922"]
[BlackFideId "4181484"]
[WhiteElo "2527"]
[BlackElo "2324"]
[Result "1-0"]
[Round "03"]
[TimeControl "180+1"]
[Date "2022.04.05"]
[WhiteClock "0:01:01"]
[BlackClock "0:00:10"]

1. b3 d5 2. Bb2 c6 3. e3 Nf6 4. Nf3 e6 5. c4 Bd6 6. g4 O-O 7. g5 Ne4 8. Rg1 Nd7 9. Qc2 f6 10. Nc3 Nxc3 11. gxf6 Nxf6 12. Bxc3 Qe7 13. O-O-O Bd7 14. Rg5 Rf7 15. Bd3 Kh8 16. Ne5 Bxe5 17. Bxe5 a5 18. Rdg1 a4 19. Qb2 axb3 20. Rxg7 bxa2 21. Rxh7+ Rxh7 22. Bxf6+ Rg7 23. Bxg7+ Kg8 24. Bf6+ Kf7 25. Rg7+ Kf8 26. Bxe7+ 1-0


[Site "https://www.chess.com"]

[Event "Titled Tuesday Blitz April 05 Early 2022"]
[White "Odegov, Artem"]
[Black "Sarkar, Justin"]
[WhiteFideId "34183644"]
[BlackFideId "2010011"]
[WhiteElo "2286"]
[BlackElo "2038"]
[Result "0-1"]
[Round "03"]
[TimeControl "180+1"]
[Date "2022.04.05"]
[WhiteClock "0:00:03"]
[BlackClock "0:00:10"]

1. d4 f5 2. h3 Nf6 3. g4 d5 4. Nf3 fxg4 5. hxg4 Bxg4 6. Ne5 Bf5 7. c4 Nbd7 8. Nc3 Nxe5 9. dxe5 d4 10. Nb5 c6 11. Nxd4 Qa5+ 12. Bd2 Qxe5 13. e3 e6 14. Qb3 O-O-O 15. O-O-O Ne4 16. f4 Qc7 17. Rh2 Bc5 18. Nxf5 exf5 19. Bh3 g6 20. Kb1 Rhe8 21. Bc1 Rxd1 22. Qxd1 Qb6 23. Qd3 Kb8 24. Bg2 Rd8 25. Qc2 Bxe3 26. Bxe4 fxe4 27. Rxh7 Bxc1 28. Qxc1 e3 29. Re7 Rd2 30. Re8+ Kc7 31. Re7+ Kd8 0-1


[Site "https://www.chess.com"]

[Event "Titled Tuesday Blitz April 05 Early 2022"]
[White "Omariev, Maksim"]
[Black "Tiarks, Jann-Christian"]
[WhiteFideId "4193423"]
[BlackFideId "12951595"]
[WhiteElo "2487"]
[BlackElo "2176"]
[Result "1-0"]
[Round "03"]
[TimeControl "180+1"]
[Date "2022.04.05"]
[WhiteClock "0:00:41"]
[BlackClock "0:00:59"]

1. e4 c5 2. Nf3 Nf6 3. e5 Nd5 4. d4 cxd4 5. Nxd4 d6 6. exd6 e6 7. c4 Nf6 8. Nb5 Na6 9. Be2 Ne4 10. Bf4 g5 11. Be5 f6 12. Bh5+ Kd7 13. Bg3 Qa5+ 14. N1c3 Nxc3 15. Nxc3 Qb4 16. O-O Bxd6 17. a3 Qb6 18. b4 1-0


[Site "https://www.chess.com"]

[Event "Titled Tuesday Blitz April 05 Early 2022"]
[White "Pakleza, Zbigniew"]
[Black "Xiong, Jeffery"]
[WhiteFideId "1119290"]
[BlackFideId "2047640"]
[WhiteElo "2467"]
[BlackElo "2727"]
[Result "*"]
[Round "03"]
[TimeControl "180+1"]
[Date "2022.04.05"]
[WhiteClock "0:00:53"]
[BlackClock "0:02:05"]

1. d4 g6 2. Nf3 Bg7 3. Bf4 d6 4. e3 Nd7 5. h3 e5 6. Bh2 Nh6 7. Be2 O-O 8. O-O f5 9. c4 Nf7 10. Nc3 c6 11. b4 Kh8 12. Rc1 e4 13. Nd2 Nf6 14. Re1 Be6 15. Nb3 Rc8 16. a4 g5 17. d5 cxd5 18. cxd5 Bd7 19. Nd4 Qe7 20. a5 g4 21. h4 Nh5 22. a6 Qxh4 23. axb7 Rb8 24. Ne6 Be5 25. g3 Nxg3 26. fxg3 Bxg3 27. Bxg3 Qxg3+ 28. Kf1 Qh3+ *


[Site "https://www.chess.com"]

[Event "Titled Tuesday Blitz April 05 Early 2022"]
[White "Papp, Levente"]
[Black "Terletsky, Oleg"]
[WhiteFideId "751243"]
[BlackFideId "14116774"]
[WhiteElo "2308"]
[BlackElo "2064"]
[Result "1-0"]
[Round "03"]
[TimeControl "180+1"]
[Date "2022.04.05"]
[WhiteClock "0:00:40"]
[BlackClock "0:00:03"]

1. g3 Nf6 2. Bg2 g6 3. c4 Bg7 4. Nc3 d6 5. e4 c5 6. Nge2 Nc6 7. O-O h5 8. h3 h4 9. g4 Nxg4 10. hxg4 Bxg4 11. Kh2 h3 12. Bh1 e6 13. f3 Be5+ 14. f4 Bg7 15. Bf3 Bxf3 16. Rxf3 g5 17. d3 g4 18. Rg3 Qh4 19. Be3 O-O-O 20. d4 f5 21. d5 exd5 22. Qxd5 Rhf8 23. Rag1 Kb8 24. exf5 Rfe8 25. Rxg4 Qh8 26. R1g3 Bxc3 27. Nxc3 Nd4 28. Rg7 Qh5 29. Qxb7# 1-0


[Site "https://www.chess.com"]

[Event "Titled Tuesday Blitz April 05 Early 2022"]
[White "Perera Alfonso, Rene Humberto"]
[Black "Onslow, Alfie"]
[WhiteFideId "3514722"]
[BlackFideId "436976"]
[WhiteElo "2313"]
[BlackElo "1884"]
[Result "1-0"]
[Round "03"]
[TimeControl "180+1"]
[Date "2022.04.05"]
[WhiteClock "0:01:09"]
[BlackClock "0:00:03"]

1. e4 g6 2. d4 Bg7 3. Nc3 c6 4. Nf3 d5 5. Bd3 dxe4 6. Nxe4 Nf6 7. O-O O-O 8. Re1 Nxe4 9. Bxe4 Nd7 10. c3 Nf6 11. Bc2 Qd5 12. Ne5 Nd7 13. Bb3 Qa5 14. Nc4 Qd8 15. Bg5 Nf6 16. Qe2 Be6 17. Rad1 a5 18. Ne3 Bxb3 19. axb3 Qb6 20. Qc2 e6 21. Nc4 Qc7 22. Qd2 a4 23. Bf4 Qd8 24. bxa4 Rxa4 25. Ne5 Nd5 26. Bg3 Qa8 27. h4 Rd8 28. Qe2 h5 29. Nxf7 Kxf7 30. Qxe6+ Kf8 31. Bd6+ Rxd6 32. Qxd6+ Kg8 33. Qxg6 Qf8 34. Re8 Ra8 35. Rxf8+ Rxf8 36. Qe6+ Kh8 37. Qg6 Rf6 38. Qxh5+ Rh6 39. Qe8+ Kh7 40. Re1 Rxh4 41. Qe6 Nf4 42. Qf5+ Ng6 43. g3 Rh6 44. Re6 1-0


[Site "https://www.chess.com"]

[Event "Titled Tuesday Blitz April 05 Early 2022"]
[White "Petrova, Irina"]
[Black "Ezat, Mohamed"]
[WhiteFideId "14124122"]
[BlackFideId "10600906"]
[WhiteElo "1993"]
[BlackElo "2386"]
[Result "0-1"]
[Round "03"]
[TimeControl "180+1"]
[Date "2022.04.05"]
[WhiteClock "0:00:31"]
[BlackClock "0:01:26"]

1. e4 c6 2. d4 d5 3. e5 Bf5 4. h4 h5 5. c4 e6 6. Nc3 Nd7 7. cxd5 cxd5 8. Nf3 Ne7 9. Bg5 Qb6 10. Qd2 Nc6 11. Bb5 Bb4 12. Bxc6 Qxc6 13. O-O Nb6 14. Rac1 Qd7 15. Qf4 O-O 16. Ne2 Bd3 17. Rfe1 Bxe1 18. Rxe1 Bxe2 19. Rxe2 Qb5 20. Re1 Qd3 21. Be7 Rfe8 22. Ba3 Nc4 23. Ng5 Qg6 24. Rc1 Rac8 25. Bc5 Nxb2 26. Rc2 Nd3 27. Qf3 Ne1 0-1


[Site "https://www.chess.com"]